SAA
LONG ISLAND SEAWOLVES @ BETHESDA ATOMS
09/02/2034
 
TOP OF THE 1ST
Long Island Seawolves batting - Pitching for Bethesda Atoms : LHP Shunsho Mizuno
Pitching: LHP Shunsho Mizuno
Batting: SHB Cheong-hun Kang 0-0: Ball
1-0: Ball
2-0: Called Strike
2-1: SINGLE (Line Drive, 7S)
Batting: RHB Taua Naituyaga 0-0: Foul Ball, location: 2F
0-1: Ball
1-1: Ball
2-1: Ball
3-1: Grounds into double play, 6-4-3 (Groundball, 6)
Batting: RHB John Shultz 0-0: Ball
1-0: Foul Ball, location: 2F
1-1: Fly out, F9 (Flyball, 9LS)
Top of the 1st over - 0 runs, 1 hit, 0 errors, 0 left on base; Long Island 0 - Bethesda 0
BOTTOM OF THE 1ST
Bethesda Atoms batting - Pitching for Long Island Seawolves : RHP Caspar Irwin
Pitching: RHP Caspar Irwin
Batting: RHB Enrique Ibarra 0-0: Called Strike
0-1: Foul Ball, location: 2F
0-2: Ball
1-2: Foul Ball, location: 2F
1-2: Strikes out swinging
Batting: RHB Renato Zuvic 0-0: Called Strike
0-1: Ball
1-1: Called Strike
1-2: Foul Ball, location: 2F
1-2: Ground out 1-3 (Groundball, 13)
Batting: LHB Vinski Prifti 0-0: Called Strike
0-1: Ball
1-1: Foul Ball, location: 2F
1-2: Foul Ball, location: 2F
1-2: Fly out, F4 (Flyball, 34D)
Bottom of the 1st over - 0 runs, 0 hits, 0 errors, 0 left on base; Long Island 0 - Bethesda 0
TOP OF THE 2ND
Long Island Seawolves batting - Pitching for Bethesda Atoms : LHP Shunsho Mizuno
Batting: RHB John Mayasich 0-0: Foul Ball, location: 2F
0-1: Swinging Strike
0-2: Foul Ball, location: 2F
0-2: Foul Ball, location: 2F
0-2: Ground out U3 (Groundball, 3S)
Batting: SHB Alexei Ponikarov 0-0: Foul Ball, location: 2F
0-1: Ball
1-1: SINGLE (Groundball, 6MD)
Batting: RHB Louis Teague 0-0: Ball
1-0: Ball
2-0: Called Strike
2-1: Called Strike
Pickoff Throw by Catcher to First - Error! E2
Alexei Ponikarov to second
2-2: 2-RUN HOME RUN (Flyball, 7D), Distance : 357 ft
Batting: RHB Shigeaki Samurakami 0-0: Ball
1-0: Ball
2-0: Called Strike
2-1: Foul Ball, location: 2F
2-2: Ball
3-2: SINGLE (Groundball, 56D)
Batting: LHB Andrés Rodríguez 0-0: Swinging Strike
0-1: Swinging Strike
0-2: Ball
1-2: Strikes out swinging
Batting: SHB Mick Chaundy 0-0: Ball
1-0: Foul Ball, location: 2F
1-1: Ball
2-1: Foul Ball, location: 2F
2-2: Strikes out looking
Top of the 2nd over - 2 runs, 3 hits, 1 error, 1 left on base; Long Island 2 - Bethesda 0
BOTTOM OF THE 2ND
Bethesda Atoms batting - Pitching for Long Island Seawolves : RHP Caspar Irwin
Batting: LHB Gong Mao 0-0: Ball
1-0: Fly out, F8 (Flyball, 8RD)
Batting: LHB Sandor Addicks 0-0: Called Strike
0-1: SINGLE (Flyball, 89M)
Batting: RHB Bartolo Rosas 0-0: Called Strike
0-1: Ball
1-1: Foul Ball, location: 2F
1-2: Ball
2-2: Ball
3-2: Fly out, F7 (Flyball, 78M)
Batting: SHB Pedro Ortega 0-0: Ball
1-0: Ground out 4-3 (Groundball, 34D)
Bottom of the 2nd over - 0 runs, 1 hit, 0 errors, 1 left on base; Long Island 2 - Bethesda 0
TOP OF THE 3RD
Long Island Seawolves batting - Pitching for Bethesda Atoms : LHP Shunsho Mizuno
Batting: SHB Cheong-hun Kang 0-0: Ball
1-0: Foul Ball, location: 2F
1-1: Ball
2-1: Foul Ball, location: 2F
2-2: Ball
3-2: Foul Ball, location: 2F
3-2: Base on Balls
Batting: RHB Taua Naituyaga 0-0: Called Strike
Cheong-hun Kang steals 2nd base
0-1: DOUBLE (Line Drive, 9LS)
Cheong-hun Kang scores
Batting: RHB John Shultz 0-0: SINGLE (Groundball, 56D)
Taua Naituyaga to third
Batting: RHB John Mayasich 0-0: Ball
1-0: Fly out, F7 (Flyball, 7S)
Batting: SHB Alexei Ponikarov 0-0: Called Strike
0-1: SINGLE (Line Drive, 8LS)
Taua Naituyaga scores
John Shultz to second
Batting: RHB Louis Teague 0-0: Ball
1-0: Foul Ball, location: 2F
1-1: Ball
2-1: Grounds into double play, 5-4-3 (Groundball, 5)
Top of the 3rd over - 2 runs, 3 hits, 0 errors, 1 left on base; Long Island 4 - Bethesda 0
BOTTOM OF THE 3RD
Bethesda Atoms batting - Pitching for Long Island Seawolves : RHP Caspar Irwin
Batting: SHB Joam Francia 0-0: Swinging Strike
0-1: Swinging Strike
0-2: Ball
1-2: Ball
2-2: Foul Ball, location: 2F
2-2: Foul Ball, location: 2F
2-2: Ball
3-2: Base on Balls
Batting: RHB Diego Romero 0-0: Called Strike
0-1: Called Strike
0-2: Strikes out looking
Batting: RHB Enrique Ibarra 0-0: Ball
1-0: Single, Error in OF, E8, batter to second base
Joam Francia to third
Batting: RHB Renato Zuvic 0-0: Ball
1-0: Fly out, F8 (Flyball, 8RD)
Runner from 3rd tags up, OUT at HOME
Bottom of the 3rd over - 0 runs, 1 hit, 1 error, 1 left on base; Long Island 4 - Bethesda 0
TOP OF THE 4TH
Long Island Seawolves batting - Pitching for Bethesda Atoms : LHP Shunsho Mizuno
Batting: RHB Shigeaki Samurakami 0-0: Called Strike
0-1: Swinging Strike
0-2: Ball
1-2: SINGLE (Line Drive, 5D)
Batting: LHB Andrés Rodríguez 0-0: Ball
1-0: DOUBLE (Line Drive, 89S)
Shigeaki Samurakami to third
Runner from 3rd tries for Home, SAFE, no throw
Batting: SHB Mick Chaundy 0-0: Ball
1-0: Foul Ball, location: 2F
1-1: Swinging Strike
1-2: Ball
2-2: Fly out, F9 (Flyball, 9D)
Runner from 2nd tags up, SAFE at 3rd, no throw
Batting: SHB Cheong-hun Kang 0-0: Called Strike
0-1: Called Strike
0-2: Strikes out swinging, 2-3 out at first.
Batting: RHB Taua Naituyaga 0-0: DOUBLE (Flyball, 89D)
Andrés Rodríguez scores
Batting: RHB John Shultz 0-0: Ball
1-0: Swinging Strike
1-1: Ground out 1-3 (Groundball, P)
Top of the 4th over - 2 runs, 3 hits, 0 errors, 1 left on base; Long Island 6 - Bethesda 0
BOTTOM OF THE 4TH
Bethesda Atoms batting - Pitching for Long Island Seawolves : RHP Caspar Irwin
Batting: LHB Vinski Prifti 0-0: Called Strike
0-1: Swinging Strike
0-2: Foul Ball, location: 2F
0-2: Ball
1-2: Ground out 3-1 (Groundball, 3S)
Batting: LHB Gong Mao 0-0: Ball
1-0: Called Strike
1-1: Ball
2-1: Swinging Strike
2-2: Ball
3-2: Strikes out looking
Batting: LHB Sandor Addicks 0-0: Called Strike
0-1: DOUBLE (Line Drive, 9LM)
Batting: RHB Bartolo Rosas 0-0: Called Strike
0-1: Called Strike
0-2: Strikes out swinging
Bottom of the 4th over - 0 runs, 1 hit, 0 errors, 1 left on base; Long Island 6 - Bethesda 0
TOP OF THE 5TH
Long Island Seawolves batting - Pitching for Bethesda Atoms : LHP Shunsho Mizuno
Batting: RHB John Mayasich 0-0: Ball
1-0: Ball
2-0: Foul Ball, location: 2F
2-1: Fly out, F7 (Flyball, 78D)
Batting: SHB Alexei Ponikarov 0-0: SINGLE (Line Drive, 9S)
Batting: RHB Louis Teague 0-0: Foul Ball, location: 2F
0-1: Ball
1-1: Called Strike
1-2: Ball
Alexei Ponikarov is caught stealing 2nd base
2-2: Ball
3-2: Foul Ball, location: 2F
3-2: Fly out, F4 (Popup, 4)
Top of the 5th over - 0 runs, 1 hit, 0 errors, 0 left on base; Long Island 6 - Bethesda 0
BOTTOM OF THE 5TH
Bethesda Atoms batting - Pitching for Long Island Seawolves : RHP Caspar Irwin
Batting: SHB Pedro Ortega 0-0: Ball
1-0: Foul Ball, location: 2F
1-1: Fly out, F9 (Flyball, 89D)
Batting: SHB Joam Francia 0-0: Ball
1-0: Ball
2-0: Called Strike
2-1: Ball
3-1: Base on Balls
Batting: RHB Diego Romero Pickoff Throw to First - Error! E1
Joam Francia to second
0-0: Called Strike
0-1: Ball
1-1: Swinging Strike
1-2: Ball
2-2: Ball
3-2: Ground out 3-1 (Groundball, 34)
Joam Francia to third
Batting: RHB Enrique Ibarra 0-0: Ball
1-0: Ball
Wild Pitch!
Joam Francia scores
2-0: Ball
3-0: Called Strike
3-1: Base on Balls
Batting: RHB Renato Zuvic 0-0: SINGLE (Groundball, 34D)
Enrique Ibarra to second
Runner from 2nd tries for 3rd, SAFE, no throw
Batting: LHB Vinski Prifti 0-0: DOUBLE (Line Drive, 9D)
Enrique Ibarra scores
Renato Zuvic to third
Runner from 3rd tries for Home, SAFE, no throw
Batting: LHB Gong Mao 0-0: Ball
1-0: Swinging Strike
1-1: Ball
2-1: Ground out 6-3 (Groundball, 6)
Bottom of the 5th over - 3 runs, 2 hits, 1 error, 1 left on base; Long Island 6 - Bethesda 3
TOP OF THE 6TH
Long Island Seawolves batting - Pitching for Bethesda Atoms : LHP Shunsho Mizuno
Pitching: LHP Daniel Gill
Batting: RHB Shigeaki Samurakami 0-0: Ball
1-0: Ball
2-0: Ball
3-0: Called Strike
3-1: Fly out, F8 (Flyball, 78D)
Batting: LHB Andrés Rodríguez 0-0: Fly out, F8 (Flyball, 8LD)
Batting: SHB Mick Chaundy 0-0: Called Strike
0-1: Fly out, F8 (Flyball, 78D)
Top of the 6th over - 0 runs, 0 hits, 0 errors, 0 left on base; Long Island 6 - Bethesda 3
BOTTOM OF THE 6TH
Bethesda Atoms batting - Pitching for Long Island Seawolves : RHP Caspar Irwin
Batting: LHB Sandor Addicks 0-0: Ball
1-0: Ball
2-0: Fly out, F9 (Line Drive, 9LM)
Batting: RHB Bartolo Rosas 0-0: Called Strike
0-1: SINGLE (Line Drive, 9LS)
Batting: SHB Pedro Ortega 0-0: Ball
1-0: Foul Ball, location: 2F
1-1: Fielders Choice at 2nd, 6-4 (Groundball, 56)
Batting: SHB Joam Francia 0-0: Fly out, F1 (Line Drive, 13)
Bottom of the 6th over - 0 runs, 1 hit, 0 errors, 1 left on base; Long Island 6 - Bethesda 3
TOP OF THE 7TH
Long Island Seawolves batting - Pitching for Bethesda Atoms : LHP Daniel Gill
Batting: SHB Cheong-hun Kang 0-0: Swinging Strike
0-1: SINGLE (Line Drive, 7LS)
Batting: RHB Taua Naituyaga 0-0: Ball
1-0: Bunt missed!
1-1: Sac Bunt - play at first, batter OUT! U3
Cheong-hun Kang to second
Batting: RHB John Shultz 0-0: Called Strike
0-1: Called Strike
0-2: Foul Ball, location: 2F
0-2: Ball
1-2: Strikes out swinging
Batting: RHB John Mayasich 0-0: Ball
1-0: Ball
2-0: Ball
3-0: Called Strike
3-1: Base on Balls
Batting: SHB Alexei Ponikarov 0-0: Called Strike
0-1: Ball
1-1: SINGLE (Line Drive, 4MD)
Cheong-hun Kang to third
John Mayasich to second
Runner from 3rd tries for Home, SAFE, no throw
Batting: RHB Louis Teague 0-0: Fly out, F9 (Flyball, 9LS)
Top of the 7th over - 1 run, 2 hits, 0 errors, 2 left on base; Long Island 7 - Bethesda 3
BOTTOM OF THE 7TH
Bethesda Atoms batting - Pitching for Long Island Seawolves : RHP Caspar Irwin
Batting: RHB Diego Romero 0-0: Ball
1-0: Swinging Strike
1-1: Swinging Strike
1-2: Fly out, F4 (Popup, 4S)
Batting: RHB Enrique Ibarra 0-0: Ball
1-0: Foul Ball, location: 2F
1-1: Foul Ball, location: 2F
1-2: Foul Ball, location: 2F
1-2: Ball
2-2: Strikes out looking
Batting: RHB Renato Zuvic 0-0: Foul Ball, location: 2F
0-1: Foul Ball, location: 2F
0-2: Ball
1-2: Ball
2-2: Ground out 4-3 (Groundball, 4)
Bottom of the 7th over - 0 runs, 0 hits, 0 errors, 0 left on base; Long Island 7 - Bethesda 3
TOP OF THE 8TH
Long Island Seawolves batting - Pitching for Bethesda Atoms : LHP Daniel Gill
Batting: RHB Shigeaki Samurakami 0-0: Ball
1-0: Fly out, F7 (Flyball, 7S)
Batting: LHB Andrés Rodríguez 0-0: Ball
1-0: Called Strike
1-1: Foul Ball, location: 2F
1-2: Strikes out swinging
Batting: SHB Mick Chaundy 0-0: Foul Ball, location: 2F
0-1: Called Strike
0-2: Ground out 4-3 (Groundball, 4)
Top of the 8th over - 0 runs, 0 hits, 0 errors, 0 left on base; Long Island 7 - Bethesda 3
BOTTOM OF THE 8TH
Bethesda Atoms batting - Pitching for Long Island Seawolves : RHP Caspar Irwin
Pitching: RHP Juan Serrano
Batting: LHB Vinski Prifti 0-0: Reached on error, E4 (Groundball, 4M)
Batting: LHB Gong Mao 0-0: Ball
1-0: Called Strike
1-1: Ball
2-1: Swinging Strike
2-2: Ball
3-2: Base on Balls
Vinski Prifti to second
Batting: LHB Sandor Addicks 0-0: Swinging Strike
0-1: Fly out, F7 (Flyball, 7D)
Runner from 2nd tags up, SAFE at 3rd, no throw
Batting: RHB Bartolo Rosas 0-0: Ball
1-0: Ball
2-0: Called Strike
2-1: Ball
3-1: Foul Ball, location: 2F
3-2: Foul Ball, location: 2F
3-2: Fielders Choice at 2nd, 1-6 (Groundball, 13S)
Batting: SHB Pedro Ortega 0-0: Swinging Strike
0-1: Ball
1-1: Ball
2-1: Foul Ball, location: 2F
2-2: Strikes out looking
Bottom of the 8th over - 0 runs, 0 hits, 1 error, 2 left on base; Long Island 7 - Bethesda 3
TOP OF THE 9TH
Long Island Seawolves batting - Pitching for Bethesda Atoms : LHP Daniel Gill
Batting: SHB Cheong-hun Kang 0-0: Ball
1-0: Ball
2-0: Ball
3-0: Called Strike
3-1: Swinging Strike
3-2: Foul Ball, location: 2F
3-2: Base on Balls
Pitching: LHP Dave Tonnochy
Batting: RHB Taua Naituyaga 0-0: Bunt missed!
0-1: Sac Bunt - play at first, batter OUT! 1-4
Cheong-hun Kang to second
Batting: RHB John Shultz 0-0: Called Strike
Cheong-hun Kang steals 3rd base
0-1: SINGLE (Groundball, 4M) (infield hit)
Cheong-hun Kang scores
Batting: RHB John Mayasich 0-0: Called Strike
0-1: Ball
1-1: Ball
2-1: Called Strike
2-2: Strikes out swinging
John Shultz steals 2nd base
Batter strikes out.
Batting: SHB Alexei Ponikarov 0-0: Fly out, F7 (Flyball, 7S)
Top of the 9th over - 1 run, 1 hit, 0 errors, 1 left on base; Long Island 8 - Bethesda 3
BOTTOM OF THE 9TH
Bethesda Atoms batting - Pitching for Long Island Seawolves : RHP Juan Serrano
Now at C: Wes O'Mulhill
Batting: SHB Joam Francia 0-0: Ball
1-0: Called Strike
1-1: Swinging Strike
1-2: Strikes out looking
Batting: RHB Diego Romero 0-0: Called Strike
0-1: Ball
1-1: Foul Ball, location: 2F
1-2: Strikes out swinging
Batting: RHB Enrique Ibarra 0-0: Ball
1-0: Fly out, F8 (Flyball, 89M)
Bottom of the 9th over - 0 runs, 0 hits, 0 errors, 0 left on base; Long Island 8 - Bethesda 3
Friday, March 29th, 2019 - OOTP Baseball 18.8 Build 76